 Dungeon Crawl Stone Soup version 0.22-a0-99-g1ac4c55 (webtiles) character file.

221570 nubinia the Earth Mage (level 18, 107/107 HPs)
             Began as a Gargoyle Earth Elementalist on Nov 16, 2017.
             Was a High Priest of Sif Muna.
             Quit the game on level 13 of the Dungeon on Jan 26, 2018.
             The game lasted 05:34:47 (47437 turns).

nubinia the Earth Mage (GrEE)                      Turns: 47437, Time: 05:34:48

Health: 107/107    AC: 38    Str: 18    XL:     18   Next: 72%
Magic:  42/42      EV: 16    Int: 20    God:    Sif Muna [*****.]
Gold:   1671       SH:  6    Dex: 15    Spells: 3/40 levels left

rFire    + . .     SeeInvis +   (no weapon)
rCold    . . .     Gourm    .   m - +0 buckler
rNeg     + . .     Faith    .   H - +3 leather armour {rF+}
rPois    ∞         Spirit   .   z - +2 hat
rElec    +         Reflect  .   e - +1 cloak {+Inv}
rCorr    .         Harm     .   M - +0 pair of gloves of the Catamount {rElec Str+4 Dex+3}
MR       +....                  I - +2 pair of boots {run}
Stlth    ++++......             r - amulet of regeneration
HPRegen  0.67/turn              L - ring of magical power
MPRegen  0.28/turn              X - +5 ring of protection

@: flying, divine energy, quick
A: big wings, rugged brown scales 1, slimy green scales 2, see invisible,
negative energy resistance 1, electricity resistance, unbreathing, petrification
resistance, rot immunity, AC +13
}: 2/15 runes: barnacled, gossamer
a: Stop Flying, Stop Divine Energy, Channel Magic, Forget Spell, Renounce
Religion, Evoke Invisibility


You were on level 13 of the Dungeon.
You worshipped Sif Muna.
Sif Muna was extremely pleased with you.
You were not hungry.

You visited 6 branches of the dungeon, and saw 30 of its levels.
You visited 1 bazaar.
You also visited: Ice Cave and Volcano.

You collected 3064 gold pieces.
You spent 1393 gold pieces at shops.

Inventory:

Hand Weapons
 a - a +5 flail of protection
 b - the +8 dagger "Zosaorudgh" {venom, MR+ MP+9 Str+2}
   (You found it on level 4 of the Shoals)

   It poisons the flesh of those it strikes.
   It affects your strength (+2).
   It affects your resistance to hostile enchantments.
   It affects your magic capacity (+9).
 K - the +7 short sword "Syok Zodd" {elec, +Inv rPois MP+9}
   (You found it on level 4 of the Shoals)

   Occasionally, upon striking a foe, it will discharge some electrical energy
   and cause terrible harm.
   It protects you from poison.
   It affects your magic capacity (+9).
   It lets you turn invisible.
Armour
 e - a +1 cloak of invisibility (worn)
 m - a +0 buckler (worn)
 z - a +2 hat (worn)
 C - a +0 robe of positive energy
 H - a +3 leather armour of fire resistance (worn)
 I - a +2 pair of boots of running (worn)
 M - the +0 pair of gloves of the Catamount (worn) {rElec Str+4 Dex+3}
   (You found it on level 7 of the Dungeon)

   It affects your strength (+4).
   It affects your dexterity (+3).
   It insulates you from electricity.
Jewellery
 g - an uncursed amulet of the gourmand
 j - an uncursed ring of ice
 p - an uncursed ring of positive energy
 r - an amulet of regeneration (around neck)
 s - an uncursed ring of positive energy
 u - an uncursed ring of fire
 w - an uncursed ring of wizardry
 D - an uncursed ring of fire
 L - a ring of magical power (left hand)
 N - an uncursed amulet of magic regeneration
 X - a +5 ring of protection (right hand)
Wands
 i - a wand of flame (21)
 k - a wand of scattershot (6)
 t - a wand of clouds (1)
 B - a wand of digging (6)
 W - a wand of iceblast (30)
 Z - a wand of acid (2)
Scrolls
 d - 3 scrolls of fear
 l - 3 scrolls of identify
 v - 5 scrolls of remove curse
 J - 4 scrolls of teleportation
 P - a scroll of blinking
 S - a scroll of holy word
Potions
 f - 4 potions of magic
 h - 2 potions of agility
 n - 4 potions of haste
 o - 3 potions of mutation
 q - a potion of cancellation
 x - 11 potions of curing
 A - 8 potions of heal wounds
 E - 2 potions of might
 Q - a potion of berserk rage
 U - 4 potions of brilliance
 V - 2 potions of resistance
Books
 c - a book of Ice

   Spells                             Type                      Level
   a - Ice Form                       Ice/Transmutation            4
   b - Metabolic Englaciation         Hexes/Ice                    5
   c - Ozocubu's Refrigeration        Ice                          6
   d - Bolt of Cold                   Conjuration/Ice              6
   e - Freezing Cloud                 Conjuration/Ice/Air          6
   f - Simulacrum                     Ice/Necromancy               6
 Y - Sif Muna's Papyrus of Confrontation
   (Sif Muna gifted it to you on level 4 of the Spider Nest)

   Spells                             Type                      Level
   a - Sticky Flame                   Conjuration/Fire             4
   b - Fulminant Prism                Conjuration/Hexes            4
   c - Bolt of Draining               Conjuration/Necromancy       5
   d - Bolt of Magma                  Conjuration/Fire/Earth       5
   e - Orb of Destruction             Conjuration                  7
Miscellaneous
 G - a phantom mirror
 O - a lightning rod (4/4)
 R - a fan of gales
 T - a lamp of fire
Comestibles
 F - 2 rations


   Skills:
 + Level 8.5 Fighting
 + Level 2.2 Short Blades
 + Level 10.4 Maces & Flails
 + Level 6.1 Armour
 + Level 6.9 Dodging
 + Level 10.2 Stealth
 + Level 6.3 Shields
 + Level 11.9 Spellcasting
 * Level 14.7 Conjurations
 + Level 2.6 Charms
 + Level 0.1 Translocations
 + Level 1.9 Transmutations
 * Level 9.1 Fire Magic
 + Level 8.8 Ice Magic
 + Level 1.1 Air Magic
 * Level 18.1 Earth Magic
 + Level 1.2 Poison Magic
 + Level 0.9 Evocations


You had 3 spell levels left.
You knew the following spells:

 Your Spells              Type           Power        Failure   Level  Hunger
a - Throw Flame           Conj/Fire      ######       1%          2    None
b - Stone Arrow           Conj/Erth      ######       1%          3    None
c - Mephitic Cloud        Conj/Pois/Air  ####....     1%          3    None
d - Conjure Flame         Conj/Fire      ######..     1%          3    None
f - Force Lance           Conj/Tloc      #####...     3%          4    #......
g - Sticky Flame          Conj/Fire      ######..     1%          4    #......
h - Dazzling Spray        Conj/Hex       #####.       1%          3    None
l - Lee's Rapid Deconstr  Erth           ######....   1%          5    ####...
m - Bolt of Magma         Conj/Fire/Erth ######....   1%          5    ####...
o - Ozocubu's Armour      Chrm/Ice       ####....     1%          3    None
p - Passwall              Tmut/Erth      ######....   1%          2    None


Dungeon Overview and Level Annotations

Branches:
Dungeon (13/15)            Temple (1/1) D:6            Lair (6/6) D:11
 Shoals (4/4) Lair:2       Spider (4/4) Lair:3        Slime (0/5) Lair:6
    Orc (2/2) D:10            Elf (0/3) Orc:2
 Vaults: D:13-14

Altars:
Ashenzari
Cheibriados
Dithmenos
Elyvilon
Fedhas
Gozag
Kikubaaqudgha
Makhleb
Okawaru
Qazlal
Ru
Sif Muna
Trog
Vehumet
Xom
Yredelemnul
Zin
The Shining One

Shops:
D:8 }   Orc:1 [   Orc:2 !(!}

Portals:
Pandemonium: Orc:2

Annotations:
D:10 Josephine
Shoals:4 Bai Suzhen


Innate Abilities, Weirdness & Mutations

You are resistant to torment.
Your stone body is resilient. (AC +13)
You are immune to poison.
Your large and strong wings let you fly indefinitely.
You resist negative energy. (rN+)
You are resistant to electric shocks. (rElec)
You can survive without breathing.
You are immune to petrification.
You are immune to rotting.
You are partially covered in rugged brown scales. (AC +1, +3% HP)
You are mostly covered in slimy green scales. (AC +3)
You have supernaturally acute eyesight. (SInv)


Message History

Okay, then.
You start resting.
HP restored.
Found a polar bear skeleton.
Found an ice covered gate leading back out of this place.
You see here a polar bear skeleton.
There is an ice covered gate leading back out of this place here.
Welcome back to the Dungeon!
There is a collapsed entrance here.
Items here: " : ===== [
C - a +0 robe of positive energy
N - an uncursed amulet of magic regeneration
u - a ring of fire;
D - an uncursed ring of fire
p - an uncursed ring of positive energy;
s - a ring of positive energy
w - an uncursed ring of wizardry; Y - Sif Muna's Papyrus of Confrontation Saving game... please wait.
Welcome back, nubinia the Gargoyle Earth Elementalist.
Sif Muna whispers: I know many secrets...
Press ? for a list of commands and other information.
Are you sure you want to abandon this character and quit the game? (Confirm with "yes".)

'. #.######
#.#.#.. #.#.#.#
#.....# #.....#
#.....# ##..@..#
#......#
#......#
#......# .
##.....#
#..##.....####..
#.............#
####.....#####
#.....#


There were no monsters in sight!

Vanquished Creatures
  Rupert (Lair:5)
  Agnes (Spider:3)
  Roxanne (Spider:1)
  Ilsuiw (Shoals:4)
  2 ghost moths (Spider:4)
  A frost giant (IceCv)
  5 emperor scorpions (Spider:4)
  4 entropy weavers
  Nessos (Orc:2)
  A spark wasp (Spider:4)
  A dire elephant (Lair:2)
  5 merfolk javelineers
  A fire dragon (Lair:6)
  11 merfolk impalers
  Fannar (Lair:3)
  Erolcha (D:13)
  The ghost of mortelune the Basher, a journeyman GrFi of Okawaru (Lair:1)
  Harold (D:12)
  5 hydras
  4 merfolk avatars
  5 two-headed ogres
  2 death yaks
  An alligator snapping turtle (Shoals:4)
  6 merfolk aquamancers
  A queen ant (D:9)
  7 orc high priests (Orc:2)
  A soul eater (Orc:2)
  Nergalle (Lair:3)
  A fire crab (Lair:6)
  A torturous demonspawn (Orc:2)
  7 skeletal warriors
  8 sea snakes
  2 sixfirhies (Orc:2)
  2 gelid demonspawn (Orc:2)
  An infernal demonspawn (Orc:2)
  4 orc knights (Orc:2)
  6 orc sorcerers
  25 harpies
  3 ugly things
  11 fauns
  19 orb spiders
  31 wolf spiders
  10 manticores
  7 merfolk sirens
  20 elephants
  7 black mambas
  3 molten gargoyles (Lair:6)
  A moth of wrath (Spider:4)
  An ice statue (D:9)
  Maurice (Orc:2)
  A water nymph (Shoals:4)
  A smoke demon (Volcano)
  3 torpor snails
  8 spiny frogs
  2 rime drakes
  2 centaur skeletons
  4 komodo dragons
  14 demonic crawlers
  3 red devils (Volcano)
  4 trolls
  A tengu conjurer (D:12)
  8 polar bears
  30 merfolk
  A queen bee (Spider:4)
  34 jumping spiders
  6 hornets
  7 wind drakes
  3 slime creatures
  10 hippogriffs
  20 blink frogs
  4 snapping turtles
  A shadow (D:11)
  22 tarantellas
  61 redbacks
  48 yaks
  2 spriggans
  13 water elementals
  6 wyverns
  2 wraiths (D:11)
  6 basilisks
  A neqoxec (Orc:2)
  A hungry ghost (D:11)
  A steam dragon (D:10)
  Edmund (D:5)
  2 wargs (Orc:2)
  4 soldier ants (D:9)
  2 acid dragons
  6 hell hounds
  7 water moccasins
  16 porcupines
  Duvessa (D:5)
  34 orc warriors
  5 sky beasts
  4 black bears
  A phantom (D:6)
  13 ice beasts
  8 ogres
  2 eyes of draining (D:12)
  26 wolves
  2 centaurs
  5 crocodiles
  A big kobold (D:10)
  14 bullfrogs
  Dowan (D:5)
  A wyvern skeleton (D:10)
  6 scorpions
  23 killer bees
  4 electric eels
  12 wights
  2 howler monkeys (D:6)
  5 lava snakes (Lair:6)
  A bullfrog zombie (D:12)
  7 crimson imps
  4 centaur zombies
  6 jellies
  30 orc priests
  13 orc wizards
  A gnoll shaman (D:7)
  6 hounds
  4 bullfrog skeletons
  3 iguanas
  27 worker ants
  A killer bee zombie (D:9)
  A worker ant zombie (D:10)
  12 gnolls
  7 adders
  3 shadow imps
  A white imp (D:13)
  2 oozes (Lair:6)
  An adder skeleton (D:8)
  7 worms
  4 leopard geckos
  75 orcs
  4 giant cockroaches
  5 goblins
  10 hobgoblins
  12 jackals
  6 kobolds
  4 quokkas
  A ball python (D:3)
  A ball python skeleton (D:5)
  3 bats (D:1)
  6 frilled lizards
  5 rats
  11 plants
  2 tentacles (Shoals:1)
1068 creatures vanquished.

Vanquished Creatures (collateral kills)
  A kraken (Shoals:1)
  A jumping spider (Spider:3)
  2 redbacks
4 creatures vanquished.

Vanquished Creatures (others)
  A rime drake (Lair:6)
  4 polar bears (IceCv)
  4 yaks
  A wyvern (Lair:6)
  2 wolves (IceCv)
  A jackal (D:10)
  A kobold (D:10)
  81 fungi
  44 plants
  15 tentacles (Shoals:1)
154 creatures vanquished.

Grand Total: 1226 creatures vanquished

Notes
Turn   | Place    | Note
-------+----------+-------------------------------------------
     0 | D:1      | nubinia the Gargoyle Earth Elementalist began the quest for the Orb.
     0 | D:1      | Reached XP level 1. HP: 10/10 MP: 3/3
   401 | D:1      | Reached skill level 4 in Earth Magic
   401 | D:1      | Reached XP level 2. HP: 7/15 MP: 1/5
   548 | D:1      | Learned a level 2 spell: Passwall
  1968 | D:2      | Reached XP level 3. HP: 14/19 MP: 6/6
  2054 | D:2      | Learned a level 3 spell: Stone Arrow
  2082 | D:2      | Reached skill level 1 in Armour
  2275 | D:2      | Reached skill level 1 in Maces & Flails
  2306 | D:2      | Reached XP level 4. HP: 8/24 MP: 0/7
  2794 | D:3      | Reached skill level 1 in Conjurations
  3259 | D:3      | Reached XP level 5. HP: 13/28 MP: 5/8
  4293 | D:4      | Noticed a sky beast
  4302 | D:4      | Killed a sky beast
  4302 | D:4      | Reached skill level 1 in Fighting
  4302 | D:4      | Reached XP level 6. HP: 28/34 MP: 0/10
  5116 | D:4      | Found an ancient bone altar of Kikubaaqudgha.
  5459 | D:5      | Entered Level 5 of the Dungeon
  5553 | D:5      | Noticed a sky beast
  5581 | D:5      | Killed a sky beast
  5581 | D:5      | Reached XP level 7. HP: 32/38 MP: 11/11
  6351 | D:5      | Noticed Edmund
  6405 | D:6      | Reached skill level 5 in Earth Magic
  6603 | D:6      | Found a staircase to the Ecumenical Temple.
  6617 | Temple   | Entered the Ecumenical Temple
  6642 | Temple   | Became a worshipper of Sif Muna the Loreminder
  7089 | D:6      | Reached XP level 8. HP: 42/45 MP: 13/13
  7594 | D:5      | Noticed Duvessa
  7595 | D:5      | Noticed Dowan
  7621 | D:5      | Killed Duvessa
  7621 | D:5      | Reached skill level 6 in Earth Magic
  7639 | D:5      | Killed Dowan
  7855 | D:5      | Killed Edmund
  7855 | D:5      | Reached * piety under Sif Muna
  8269 | D:7      | Noticed a hippogriff
  8321 | D:7      | Killed a hippogriff
  8321 | D:7      | Reached skill level 5 in Maces & Flails
  8321 | D:7      | Reached XP level 9. HP: 50/50 MP: 14/15
  8404 | D:7      | Reached skill level 5 in Conjurations
  8555 | D:7      | Got a pair of steaming gloves
  8566 | D:7      | Identified the +0 pair of gloves of the Catamount {rElec Str+4 Dex+3} (You found it on level 7 of the Dungeon)
  8768 | D:7      | Reached skill level 7 in Earth Magic
  9029 | D:8      | Found Luaphu's Gadget Emporium.
  9094 | D:8      | Reached skill level 1 in Shields
  9245 | D:8      | Found a burning altar of Makhleb.
  9257 | D:8      | Reached ** piety under Sif Muna
  9578 | D:8      | Reached skill level 8 in Earth Magic
  9578 | D:8      | Reached XP level 10. HP: 35/56 MP: 15/16
  9718 | D:8      | Noticed a two-headed ogre
  9726 | D:8      | Killed a two-headed ogre
  9906 | D:8      | Gained mutation: Armour fits poorly on your strangely shaped body. [potion of mutation]
  9906 | D:8      | Gained mutation: Your spells are a little harder to cast, but a little more powerful. [potion of mutation]
  9907 | D:8      | Lost mutation: Your spells are a little harder to cast, but a little more powerful. [potion of mutation]
  9907 | D:8      | Lost mutation: Armour fits poorly on your strangely shaped body. [potion of mutation]
  9907 | D:8      | Gained mutation: You are frail. (-10% HP) [potion of mutation]
  9907 | D:8      | Lost mutation: You are frail. (-10% HP) [potion of mutation]
  9907 | D:8      | Gained mutation: You are somewhat resistant to further mutation. [potion of mutation]
  9908 | D:8      | Lost mutation: You are somewhat resistant to further mutation. [potion of mutation]
  9908 | D:8      | Gained mutation: You have large cloven feet. [potion of mutation]
  9908 | D:8      | Gained mutation: Your large and strong wings let you fly indefinitely. [potion of mutation]
  9908 | D:8      | Gained mutation: Armour fits poorly on your strangely shaped body. [potion of mutation]
  9908 | D:8      | Gained mutation: You are agile. (Dex +2) [potion of mutation]
 10117 | D:8      | Reached skill level 9 in Earth Magic
 10279 | D:8      | Upgraded the game from 0.21-a0-442-g848f44b to 0.21-a0-444-g29a2fec
 10635 | D:9      | Reached skill level 5 in Spellcasting
 10682 | D:9      | Learned a level 5 spell: Lee's Rapid Deconstruction
 10742 | D:9      | Noticed a queen ant
 10775 | D:9      | Killed a queen ant
 10775 | D:9      | Reached *** piety under Sif Muna
 10918 | D:9      | Reached XP level 11. HP: 43/62 MP: 18/18
 10966 | D:9      | Learned a level 3 spell: Conjure Flame
 10970 | D:9      | Learned a level 3 spell: Mephitic Cloud
 11054 | D:9      | Reached skill level 10 in Earth Magic
 11256 | D:10     | Entered Level 10 of the Dungeon
 11617 | D:10     | Reached skill level 5 in Stealth
 11700 | D:10     | Reached skill level 5 in Fighting
 11713 | D:10     | Reached **** piety under Sif Muna
 11733 | D:9      | Learned a level 4 spell: Petrify
 11897 | D:10     | Found a staircase to the Orcish Mines.
 12466 | D:11     | Noticed a skeletal warrior
 12468 | D:11     | Noticed a skeletal warrior
 12469 | D:11     | Noticed a skeletal warrior
 12481 | D:10     | Killed a skeletal warrior
 12590 | D:11     | Noticed Josephine
 12590 | D:11     | Noticed a skeletal warrior
 12590 | D:11     | Noticed a skeletal warrior
 12682 | D:11     | Killed a skeletal warrior
 12938 | D:11     | Reached skill level 11 in Earth Magic
 13009 | D:11     | Upgraded the game from 0.21-a0-444-g29a2fec to 0.21-a0-450-gd87a9b2
 13089 | D:11     | Found a stormy altar of Qazlal.
 13091 | D:11     | Noticed a brown ugly thing
 13200 | D:11     | Killed a brown ugly thing
 13335 | D:11     | Noticed a two-headed ogre
 13351 | D:11     | Killed a two-headed ogre
 13529 | D:11     | Found a staircase to the Lair.
 13534 | D:11     | Reached ***** piety under Sif Muna
 13544 | D:11     | Reached skill level 1 in Transmutations
 13558 | D:11     | Reached XP level 12. HP: 47/69 MP: 21/21
 13962 | Lair:1   | Entered Level 1 of the Lair of Beasts
 14058 | Lair:1   | Lost mutation: Armour fits poorly on your strangely shaped body. [potion of mutation]
 14058 | Lair:1   | Lost mutation: You are agile. (Dex +2) [potion of mutation]
 14058 | Lair:1   | Gained mutation: You are frail. (-10% HP) [potion of mutation]
 14058 | Lair:1   | Gained mutation: You are partially covered in slimy green scales. (AC +2) [potion of mutation]
 14058 | Lair:1   | Gained mutation: Potions are less effective at restoring your health. [potion of mutation]
 14058 | Lair:1   | Gained mutation: You are mostly covered in slimy green scales. (AC +3) [potion of mutation]
 14236 | Lair:1   | Noticed mortelune's ghost (journeyman GrFi)
 14256 | Lair:1   | Killed mortelune's ghost
 14256 | Lair:1   | Identified Sif Muna's Guide on the Entourage and Evil Magic (Sif Muna gifted it to you on level 1 of the Lair of Beasts)
 14256 | Lair:1   | Received a gift from Sif Muna
 14528 | Lair:1   | Reached skill level 12 in Earth Magic
 15097 | Lair:2   | Found a dark tunnel.
 15103 | Volcano  | Entered a volcano
 16246 | Lair:2   | Noticed a dire elephant
 16274 | Lair:2   | Killed a dire elephant
 16274 | Lair:2   | Reached XP level 13. HP: 66/66 MP: 11/24
 16515 | Lair:2   | Reached skill level 10 in Conjurations
 16515 | Lair:2   | Reached skill level 13 in Earth Magic
 16967 | Lair:2   | Found a staircase to the Shoals.
 17579 | Lair:3   | Noticed Fannar
 17874 | Lair:3   | Noticed Nergalle
 17887 | Lair:3   | Killed Nergalle
 18044 | Lair:3   | Found a hole to the Spider Nest.
 18065 | Lair:3   | Identified Sytichaj's Handbook of Icy Stones (Sif Muna gifted it to you on level 3 of the Lair of Beasts)
 18065 | Lair:3   | Received a gift from Sif Muna
 18084 | Lair:3   | Learned a level 3 spell: Ozocubu's Armour
 18349 | Lair:3   | Reached skill level 1 in Ice Magic
 18630 | Lair:3   | Reached skill level 5 in Dodging
 18826 | Lair:3   | Killed Fannar
 19103 | Lair:4   | Reached skill level 14 in Earth Magic
 19185 | Lair:4   | Reached skill level 1 in Fire Magic
 20137 | Lair:4   | Lost mutation: You have large cloven feet. [potion of mutation]
 20137 | Lair:4   | Lost mutation: Your large and strong wings let you fly indefinitely. [potion of mutation]
 20137 | Lair:4   | Lost mutation: Potions are less effective at restoring your health. [potion of mutation]
 20137 | Lair:4   | Lost mutation: You are frail. (-10% HP) [potion of mutation]
 20137 | Lair:4   | Gained mutation: You are partially covered in rugged brown scales. (AC +1, +3% HP) [potion of mutation]
 20137 | Lair:4   | Gained mutation: You have supernaturally acute eyesight. (SInv) [potion of mutation]
 20174 | Lair:5   | Gained mutation: Your large and strong wings let you fly indefinitely. [Gargoyle growth]
 20174 | Lair:5   | Reached XP level 14. HP: 81/82 MP: 18/26
 20942 | Lair:5   | Noticed Rupert
 21182 | Lair:5   | Killed Rupert
 21182 | Lair:5   | Reached skill level 5 in Armour
 21182 | Lair:5   | Reached skill level 1 in Charms
 21362 | Lair:5   | Upgraded the game from 0.21-a0-450-gd87a9b2 to 0.21-a0-460-g737a915
 21431 | Lair:6   | Entered Level 6 of the Lair of Beasts
 21657 | Lair:6   | Identified Sif Muna's Guide on the Birds and Conjuration (Sif Muna gifted it to you on level 6 of the Lair of Beasts)
 21657 | Lair:6   | Received a gift from Sif Muna
 21663 | Lair:6   | Learned a level 2 spell: Throw Flame
 22037 | Lair:6   | Found a staircase to the Slime Pits.
 22672 | Lair:6   | Found a large runed door.
 22672 | Lair:6   | Found a large runed door.
 23380 | Orc:1    | Entered Level 1 of the Orcish Mines
 23380 | Orc:1    | Found Zaoker's Antique Armour Emporium.
 23583 | Orc:2    | Entered Level 2 of the Orcish Mines
 23740 | Orc:1    | Reached skill level 5 in Ice Magic
 23741 | Orc:1    | Noticed Maurice
 23878 | Orc:2    | Killed Maurice
 24423 | Orc:2    | Noticed Nessos
 24429 | Orc:2    | Killed Nessos
 24567 | Orc:2    | Identified Filosm's Incunabulum of Dislocated Attacks (Sif Muna gifted it to you on level 2 of the Orcish Mines)
 24567 | Orc:2    | Received a gift from Sif Muna
 25062 | Orc:2    | Reached skill level 15 in Earth Magic
 25728 | Orc:2    | Found Samom's Distillery.
 25729 | Orc:2    | Found Bahoaly's Distillery.
 25741 | Orc:2    | Reached XP level 15. HP: 88/88 MP: 28/28
 26919 | Orc:2    | Found Risygyma's Gadget Shop.
 26919 | Orc:2    | Found Emibburak's Antique Weapon Boutique.
 26919 | Orc:2    | Found a one-way gate leading to the halls of Pandemonium.
 26923 | Orc:2    | Bought a shimmering war axe for 229 gold pieces
 26923 | Orc:2    | Identified the cursed +1 war axe of Ybbeh {elec, Dex+2} (You bought it in a shop on level 2 of the Orcish Mines)
 26927 | Orc:2    | Bought a lightning rod (4/4) for 480 gold pieces
 26927 | Orc:2    | Bought a lamp of fire for 480 gold pieces
 26927 | Orc:2    | Bought a wand of iceblast (13) for 204 gold pieces
 27508 | Orc:2    | Found a staircase to the Elven Halls.
 27680 | Orc:2    | Upgraded the game from 0.21-a0-460-g737a915 to 0.21-a0-471-gd587bd5
 27847 | Shoals:1 | Entered Level 1 of the Shoals
 28098 | Shoals:1 | Identified Sif Muna's Catalogue of the Hurtful Glacier (Sif Muna gifted it to you on level 1 of the Shoals)
 28098 | Shoals:1 | Received a gift from Sif Muna
 28138 | Shoals:1 | Learned a level 4 spell: Sticky Flame
 28173 | Shoals:1 | Noticed a kraken
 28234 | Shoals:1 | Killed a kraken
 28234 | Shoals:1 | Reached skill level 16 in Earth Magic
 28971 | Shoals:1 | Learned a level 3 spell: Dazzling Spray
 29228 | Shoals:1 | You are sucked into a shaft!
 29416 | Shoals:1 | Reached skill level 10 in Spellcasting
 29782 | Shoals:2 | Reached skill level 10 in Maces & Flails
 30076 | Shoals:1 | Reached skill level 1 in Poison Magic
 30976 | Shoals:2 | Reached XP level 16. HP: 94/94 MP: 20/30
 31717 | Shoals:2 | Upgraded the game from 0.21-a0-471-gd587bd5 to 0.21-a0-476-gd103f4b
 32366 | Shoals:3 | Identified Sif Muna's Compendium of Torrid Transmutation (Sif Muna gifted it to you on level 3 of the Shoals)
 32366 | Shoals:3 | Received a gift from Sif Muna
 32464 | Shoals:3 | Found a gateway to a bazaar.
 32491 | Bazaar   | Entered a bazaar
 32505 | Bazaar   | Found Ampuaca's Magic Scroll Emporium.
 32520 | Bazaar   | Found Qaogem's Book Emporium.
 32535 | Bazaar   | Found Lucu's Weapon Shoppe.
 32535 | Bazaar   | Found Vubeylob's Weapon Emporium.
 32570 | Shoals:3 | Got a scorched copper amulet
 32571 | Shoals:3 | Identified the amulet "Lukhuj" {Gourm rC- Str+5} (You found it on level 3 of the Shoals)
 33260 | Shoals:3 | Upgraded the game from 0.21-a0-476-gd103f4b to 0.21-a0-504-g2eda330
 33290 | Shoals:4 | Entered Level 4 of the Shoals
 33609 | Shoals:4 | Identified the +7 short sword "Syok Zodd" {elec, +Inv rPois MP+9} (You found it on level 4 of the Shoals)
 33654 | Shoals:4 | Noticed Bai Suzhen
 33659 | Shoals:4 | Noticed a kraken
 34745 | Shoals:4 | Reached skill level 5 in Fire Magic
 34836 | Shoals:4 | Noticed Ilsuiw
 35013 | Shoals:4 | Reached skill level 5 in Shields
 35695 | Shoals:4 | Killed Ilsuiw
 36257 | Shoals:4 | Reached skill level 17 in Earth Magic
 36672 | Shoals:4 | Identified a +0 pair of boots of running (You found it on level 4 of the Shoals)
 36723 | Shoals:4 | Identified Sif Muna's Incunabulum of Shifting Contamination
 36941 | Shoals:4 | Identified the +8 dagger "Zosaorudgh" {venom, MR+ MP+9 Str+2} (You found it on level 4 of the Shoals)
 36970 | Shoals:4 | Got a barnacled rune of Zot
 36991 | Shoals:4 | Reached XP level 17. HP: 99/99 MP: 31/31
 37262 | Spider:1 | Entered Level 1 of the Spider Nest
 37324 | Spider:1 | Identified Sif Muna's Catalogue of Frigorific Battle Magic (Sif Muna gifted it to you on level 1 of the Spider Nest)
 37324 | Spider:1 | Received a gift from Sif Muna
 38278 | Spider:2 | Reached skill level 1 in Short Blades
 38716 | Spider:1 | Noticed Roxanne
 38721 | Spider:1 | Killed Roxanne
 38906 | Spider:1 | Learned a level 5 spell: Bolt of Magma
 39526 | Spider:1 | Upgraded the game from 0.21-a0-504-g2eda330 to 0.21-a0-507-ga8f6b7a
 40777 | Spider:2 | Upgraded the game from 0.21-a0-507-ga8f6b7a to 0.21-a0-508-gf08a75f
 41418 | Spider:3 | Identified Sif Muna's Papyrus of Spatial Ice (Sif Muna gifted it to you on level 3 of the Spider Nest)
 41418 | Spider:3 | Received a gift from Sif Muna
 41445 | Spider:3 | Noticed Agnes
 41482 | Spider:3 | Killed Agnes
 41570 | Spider:3 | Learned a level 4 spell: Force Lance
 42020 | Spider:4 | Entered Level 4 of the Spider Nest
 42715 | Spider:4 | Reached XP level 18. HP: 101/106 MP: 33/33
 42919 | Spider:4 | Reached skill level 10 in Stealth
 42926 | Spider:4 | Upgraded the game from 0.21-a0-508-gf08a75f to 0.21-a0-531-gacddea6
 43685 | Spider:4 | Reached skill level 1 in Air Magic
 43752 | Spider:4 | Identified Sif Muna's Papyrus of Confrontation (Sif Muna gifted it to you on level 4 of the Spider Nest)
 43752 | Spider:4 | Received a gift from Sif Muna
 44578 | Spider:4 | Got a gossamer rune of Zot
 45323 | D:12     | Noticed Harold
 45350 | D:12     | Reached skill level 18 in Earth Magic
 45367 | D:12     | Killed Harold
 46187 | D:13     | Noticed Erolcha
 46201 | D:13     | Killed Erolcha
 46249 | D:13     | Found a frozen archway.
 46383 | IceCv    | Entered an ice cave
 47437 | D:13     | Upgraded the game from 0.21-a0-531-gacddea6 to 0.22-a0-99-g1ac4c55
 47437 | D:13     | Quit the game

Vault maps used:
D:1:      dpeg_arrival_tiny_f, minmay_surrounded
D:4:      old_standard_altar, serial_forest, infiniplex_forest_clump_long,
          infiniplex_forest_clump_small, infiniplex_forest_lined_2,
          infiniplex_forest_lined_room_2, infiniplex_forest_clump_double,
          infiniplex_forest_clump_large, infiniplex_forest_straight_2,
          infiniplex_forest_lined_2
D:5:      first_bread, kennysheep_generic_room_11, uniq_duvessa, uniq_edmund
D:6:      minmay_temple_entry_glassed_door, hangedman_abyss_or_decor_slice
D:7:      the_bakery, grunt_ministairs_11
D:8:      basic_altar, serial_shops, nicolae_shop_behind_doors, minivault_25
D:9:      minivault_16, minmay_another_anthill
D:10:     orc_0_dummy
D:11:     minmay_lair_entry_lava, lemuel_statue_altar, uniq_josephine
D:12:     uniq_harold
D:13:     serial_ice, serial_ice_o, serial_ice_b, serial_ice_g, serial_ice_d,
          portal_ice_cave_entry_ice_beasts, uniq_erolcha
Temple:   regret_index_temple_sigil_plot
Lair:2:   mu_elephants_graveyard, elwin_shoals_entry_stream, enter_volcano_2
Lair:3:   spider_nest_entry_webs, grunt_megastairs_1, uniq_nergalle, uniq_fannar
Lair:4:   serial_bayou_pond_c, grunt_megastairs_3
Lair:5:   uniq_rupert
Lair:6:   cheibrodos_lair_end_hotspot, nicolae_slime_entry_slimehenge
Shoals:2: nicolae_shoals_water_elemental_grotto
Shoals:3: serial_shops, bzr_entry_lakeside, nicolae_shoals_loop_pool
Shoals:4: shoals_end_simple, shoal_ilsuiw, uniq_bai_suzhen
Spider:1: uniq_roxanne
Spider:2: nicolae_spider_mines_3
Spider:3: spider_trap, uniq_agnes
Spider:4: guppyfry_spider_rune, hive_lemuel
Orc:1:    serial_shops, shop_fountains, uniq_maurice
Orc:2:    pf_orc_diabolical, uniq_nessos
Bazaar:   bazaar_short_row
IceCv:    ice_cave_caverns_03
Volcano:  volcano_pools

Skill      XL: |  1  2  3  4  5  6  7  8  9 10 11 12 13 14 15 16 17 18 |
---------------+-------------------------------------------------------+-----
Earth Magic    | 4 5 6 8 9 11 12 14 15 16 17 18 | 18.1
Armour         | 1 2 3 4 5 6 |  6.1
Maces & Flails | 1 2 3 5 6 7 8 9 10 | 10.4
Dodging        | 2 3 4 5 6 |  6.9
Conjurations   | 1 2 3 4 6 7 8 9 10 11 12 13 14 | 14.7
Fighting       | 1 2 3 4 5 6 7 8 |  8.5
Spellcasting   | 3 4 5 6 7 8 9 10 11 | 11.9
Stealth        | 3 4 5 7 8 9 10 | 10.2
Shields        | 1 2 3 4 5 6 |  6.3
Transmutations | 1 |  1.9
Ice Magic      | 3 5 6 8 |  8.8
Fire Magic     | 1 3 5 7 9 |  9.1
Charms         | 1 2 |  2.6
Poison Magic   | 1 |  1.2
Short Blades   | 1 2 |  2.2
Air Magic      | 1 |  1.1
Translocations | |  0.1
Evocations     | |  0.9

Action                   |  1- 3 |  4- 6 |  7- 9 | 10-12 | 13-15 | 16-18 || total
-------------------------+-------+-------+-------+-------+-------+-------++-------
Melee: Club              |   110 |   230 |       |       |       |       ||   340
       Mace              |       |   149 |   329 |   515 |   424 |       ||  1417
       Kick              |       |       |       |   166 |    79 |       ||   245
       Flail             |       |       |       |       |   364 |   347 ||   711
       Short sword       |       |       |       |       |       |    34 ||    34
       Dagger            |       |       |       |       |       |  1027 ||  1027
 Cast: Sandblast         |    11 |    25 |    36 |    37 |   224 |    22 ||   355
       Stone Arrow       |       |     3 |    38 |   130 |   251 |   126 ||   548
       Lee's Rapid Decon |       |       |       |    19 |    55 |    25 ||    99
       Petrify           |       |       |       |    12 |    15 |       ||    27
       Conjure Flame     |       |       |       |     6 |     9 |     4 ||    19
       Mephitic Cloud    |       |       |       |     4 |    23 |    42 ||    69
       Ozocubu's Armour  |       |       |       |       |    33 |    61 ||    94
       Throw Flame       |       |       |       |       |   230 |   546 ||   776
       Sticky Flame      |       |       |       |       |    13 |   101 ||   114
       Dazzling Spray    |       |       |       |       |       |    30 ||    30
       Bolt of Magma     |       |       |       |       |       |     5 ||     5
       Passwall          |       |       |       |       |       |     3 ||     3
       Force Lance       |       |       |       |       |       |    29 ||    29
Invok: Divine Energy     |       |       |     1 |       |       |       ||     1
 Abil: Fly               |       |       |       |     1 |     2 |     2 ||     5
       Stop Flying       |       |       |       |       |     1 |     2 ||     3
Evoke: Wand              |       |       |       |     1 |    21 |     4 ||    26
       Lightning rod     |       |       |       |       |     5 |     1 ||     6
       Lamp of fire      |       |       |       |       |     1 |     2 ||     3
       Fan of gales      |       |       |       |       |     1 |       ||     1
  Use: Potion            |     1 |     3 |     2 |     8 |     7 |     1 ||    22
       Scroll            |       |     3 |    10 |    13 |    10 |    19 ||    55
 Stab: Sleeping          |     1 |       |     3 |    12 |     7 |    12 ||    35
       Distracted        |       |       |     1 |     2 |     1 |     2 ||     6
       Invisible         |       |       |     1 |       |       |     6 ||     7
       Petrified         |       |       |       |    26 |    40 |       ||    66
       Petrifying        |       |       |       |     1 |     1 |       ||     2
       Confused          |       |       |       |     6 |    17 |    17 ||    40
  Eat: Chunk             |     2 |    10 |    28 |    59 |   110 |    94 ||   303
       Buggy jelly       |     1 |     1 |       |       |       |       ||     2
Armor: Leather armour    |    56 |   125 |   200 |   193 |   582 |  1300 ||  2456
Dodge: Dodged            |    79 |   169 |   319 |   329 |   645 |  1447 ||  2988
Block: Buckler           |       |       |    21 |    82 |   206 |   521 ||   830

Table legend:
 A = Spawn XP
 B = Non-spawn XP
 C = Spawn XP percentage of total XP
 D = Spawn monster count
 E = Non-spawn monster count
 F = Spawn count percentage of total count
 G = Total turns spent on level
                    A         B        C        D         E        F      G
               +---------+---------+-------+---------+---------+-------+---------
         Total |       0 |  296427 |   0.0 |       0 |    1064 |   0.0 | 47437
               +---------+---------+-------+---------+---------+-------+---------
           D:1 |       0 |      19 |   0.0 |       0 |      12 |   0.0 |   910
           D:2 |       0 |      72 |   0.0 |       0 |      17 |   0.0 |  1849
           D:3 |       0 |     103 |   0.0 |       0 |      17 |   0.0 |  1161
           D:4 |       0 |     345 |   0.0 |       0 |      11 |   0.0 |  1539
           D:5 |       0 |     899 |   0.0 |       0 |      31 |   0.0 |  1602
           D:6 |       0 |     545 |   0.0 |       0 |      24 |   0.0 |   927
           D:7 |       0 |    1685 |   0.0 |       0 |      28 |   0.0 |  1024
           D:8 |       0 |    2977 |   0.0 |       0 |      28 |   0.0 |  1262
           D:9 |       0 |    3529 |   0.0 |       0 |      38 |   0.0 |   952
          D:10 |       0 |    2578 |   0.0 |       0 |      35 |   0.0 |  1069
          D:11 |       0 |    6998 |   0.0 |       0 |      41 |   0.0 |  1958
          D:12 |       0 |   10332 |   0.0 |       0 |      38 |   0.0 |   854
          D:13 |       0 |    6352 |   0.0 |       0 |      26 |   0.0 |   332
        Lair:1 |       0 |    3689 |   0.0 |       0 |      16 |   0.0 |  1237
        Lair:2 |       0 |   16193 |   0.0 |       0 |      48 |   0.0 |  2368
        Lair:3 |       0 |   10634 |   0.0 |       0 |      33 |   0.0 |  1665
        Lair:4 |       0 |    5261 |   0.0 |       0 |      25 |   0.0 |  1288
        Lair:5 |       0 |    9409 |   0.0 |       0 |      23 |   0.0 |  1142
        Lair:6 |       0 |   11614 |   0.0 |       0 |      42 |   0.0 |  1654
      Shoals:1 |       0 |   18240 |   0.0 |       0 |      36 |   0.0 |  2175
      Shoals:2 |       0 |   15983 |   0.0 |       0 |      37 |   0.0 |  2042
      Shoals:3 |       0 |   12165 |   0.0 |       0 |      22 |   0.0 |  1701
      Shoals:4 |       0 |   32928 |   0.0 |       0 |      45 |   0.0 |  3155
      Spider:1 |       0 |   15788 |   0.0 |       0 |      39 |   0.0 |  1835
      Spider:2 |       0 |   18339 |   0.0 |       0 |      51 |   0.0 |  1867
      Spider:3 |       0 |   19473 |   0.0 |       0 |      51 |   0.0 |  1394
      Spider:4 |       0 |   34733 |   0.0 |       0 |      80 |   0.0 |  2492
         Orc:1 |       0 |    1632 |   0.0 |       0 |      26 |   0.0 |   590
         Orc:2 |       0 |   22844 |   0.0 |       0 |     101 |   0.0 |  3743
         IceCv |       0 |    8518 |   0.0 |       0 |      37 |   0.0 |  1052
       Volcano |       0 |    2550 |   0.0 |       0 |       6 |   0.0 |   410
               +---------+---------+-------+---------+---------+-------+---------
